 Dungeon Crawl Stone Soup version 0.24-a0-447-ge8da9206dc (webtiles) character file.

Game seed: 2943502262015116013

1150 Gargoyl the Skirmisher (level 8, 0/67 HPs)
             Began as a Centaur Abyssal Knight on June 25, 2019.
             Was a Priest of Lugonu.
             Succumbed to an orc wizard's poison
             ... on level 5 of the Dungeon.
             The game lasted 00:10:47 (7040 turns).

Gargoyl the Skirmisher (Centaur Abyssal Knight)     Turns: 7040, Time: 00:10:47

Health: 0/67       AC: 12    Str: 15    XL:     8   Next: 15%
Magic:  11/11      EV:  3    Int: 11    God:    Lugonu [***...]
Gold:   403        SH:  0    Dex: 11    Spells: 7/7 levels left

rFire    + . .     SeeInvis .   a - +3 hand axe
rCold    + . .     Gourm    .   (no shield)
rNeg     . . .     Faith    .   e - +0 plate armour
rPois    +         Spirit   .   s - +1 hat
rElec    +         Reflect  .   (no cloak)
rCorr    +         Harm     .   f - +0 pair of gloves
MR       .....                  (no barding)
Stlth    ..........             g - amulet of the acrobat
HPRegen  0.21/turn              (no ring)
MPRegen  0.12/turn              (no ring)

@: confused, lethally poisoned (0 -> -12), resistant, hasted, studying Ice
Magic, very quick
A: large, hooves 3, deformed body, speed 2, tough skin 3
a: Depart the Abyss, Bend Space, Banish, Renounce Religion


You were on level 5 of the Dungeon.
You worshipped Lugonu.
Lugonu was most pleased with you.
You were not hungry.

You visited 1 branch of the dungeon, and saw 5 of its levels.
You visited the Abyss 1 time.

You collected 403 gold pieces.

Inventory:

Hand Weapons
 a - a +3 hand axe (weapon)
Armour
 e - a +0 plate armour (worn)
 f - a +0 pair of gloves (worn)
 s - a +1 hat (worn)
Jewellery
 g - an amulet of the acrobat (around neck)
Wands
 d - a wand of paralysis (5)
 m - a wand of polymorph (10)
Scrolls
 j - 4 scrolls of magic mapping
 k - a scroll of remove curse
 p - 4 scrolls of identify
Potions
 h - 2 potions of flight
 i - 3 potions of resistance
Books
 l - a manual of Ice Magic
Comestibles
 c - 11 rations


   Skills:
 + Level 4.6 Fighting
 + Level 4.5 Axes
 * Level 4.2 Armour
 * Level 3.0 Dodging
 * Level 4.1 Invocations
 + Level 0.3 Evocations


You had 7 spell levels left.
You didn't know any spells.
Your spell library was empty.

Dungeon Overview and Level Annotations

Branches:
Dungeon (5/15)
 Temple: D:4-7

Altars:
Dithmenos
Nemelex Xobeh
Ru
Sif Muna
Wu Jian


Innate Abilities, Weirdness & Mutations

You have hooves in place of feet.
Armour fits poorly on your strangely shaped body.
You cover ground very quickly.
You have extremely tough skin. (AC +3)


Message History

* * * LOW HITPOINT WARNING * * *
Okay, then.
You're too confused!
You miss something.
* * * LOW HITPOINT WARNING * * *
You feel sick.
You hear some strange, mumbled words.
A puff of flame appears from out of thin air!
The puff of flame hits you. You resist.
* * * LOW HITPOINT WARNING * * *
Your magical contamination has completely faded away.
You're too confused to move!
* * * LOW HITPOINT WARNING * * *
You feel sick.
You hear some strange, mumbled words.
A puff of flame appears from out of thin air!
The puff of flame hits you but does no damage.
Unknown command.
You're too confused to move!
You die...

.......... ##........
##...#..## #####+####
.#.#.#..# #........#
.....#..##.#........#
...........#........#
.#...#.##. #........#
.##)...# #.....{).#
.......#
#....@...######
.#†)#..#
#.............#
.#.)#..#
#####'###.###...
....#.## #.........#
.<#.# . ###.#.#####
.##.# # ...#.# ###.##
#.# #.##### #....#
####+###.....#
#....###......##.....#


There were no monsters in sight!

Vanquished Creatures
  Grinder (D:3)
  An orc warrior (D:4)
  An ice beast (D:5)
  A scorpion (D:4)
  A crimson imp (D:5)
  2 hounds
  2 orc priests
  2 bullfrog skeletons
  A centaur skeleton (D:4)
  An iguana (D:5)
  4 orc wizards
  2 worker ants (D:4)
  A worker ant zombie (D:5)
  7 gnolls (D:2)
  8 adders
  An ooze (D:1)
  An adder skeleton (D:5)
  4 worms
  5 dart slugs (D:1)
  5 leopard geckos
  14 orcs
  4 ball pythons
  4 giant cockroaches
  10 goblins
  7 hobgoblins (D:1)
  16 jackals
  5 kobolds
  A quokka (D:3)
  5 bats
  6 frilled lizards
  A jackal skeleton (D:5)
  A quokka skeleton (D:4)
  7 rats
132 creatures vanquished.

Notes
Turn   | Place    | Note
-------+----------+-------------------------------------------
     0 | Abyss:1  | Gargoyl the Centaur Abyssal Knight began the quest for the
                  | Orb.
     0 | Abyss:1  | Reached XP level 1. HP: 19/19 MP: 2/2
    50 | Abyss:1  | Noticed a large abomination
   102 | Abyss:2  | Noticed a smoke demon
   108 | Abyss:3  | Found a corrupted altar of Lugonu.
   119 | Abyss:3  | Noticed a starcursed mass
   122 | D:1      | Escaped the Abyss
   489 | D:1      | Reached XP level 2. HP: 24/26 MP: 3/3
   493 | D:1      | Reached * piety under Lugonu
   608 | D:1      | Reached skill level 1 in Dodging
   631 | D:1      | Reached XP level 3. HP: 31/31 MP: 4/4
  1371 | D:2      | Reached XP level 4. HP: 28/39 MP: 5/5
  1930 | D:2      | Reached ** piety under Lugonu
  2581 | D:2      | Reached XP level 5. HP: 28/46 MP: 7/7
  2962 | D:3      | Noticed Grinder
  3146 | D:4      | Reached XP level 6. HP: 19/52 MP: 8/8
  3351 | D:4      | Found a shadowy altar of Dithmenos.
  3368 | D:4      | Found a sacrificial altar of Ru.
  3563 | D:3      | Found a deep blue altar of Sif Muna.
  3961 | D:3      | Killed Grinder
  3961 | D:3      | Reached XP level 7. HP: 9/59 MP: 9/9
  4055 | D:3      | Found an ornate altar of the Wu Jian Council.
  5817 | D:4      | Found a sparkling altar of Nemelex Xobeh.
  6398 | D:5      | Entered Level 5 of the Dungeon
  6521 | D:5      | Reached *** piety under Lugonu
  6591 | D:5      | Reached XP level 8. HP: 45/67 MP: 11/11
  7038 | D:5      | HP: 2/67 [something/puff of flame (5)]
  7040 | D:5      | Succumbed to an orc wizard's poison

Levels and vault maps discovered:
D:1:      scummos_arrival_hexagon, layout_loops_corners
D:2:      layout_rooms
D:3:      layout_basic, lemuel_round_altar, lemuel_coloured_pillars_altar,
          st_stairs_13, minmay_quantized, uniq_grinder
D:4:      layout_loops_corners, nicolae_overflow_crystal_walls,
          lemuel_doored_altar, kennysheep_little_box, minmay_manual_monstrance
D:5:      layout_basic, first_ration, basic_altar, uniq_crazy_yiuf_cottage,
          uniq_eustachio, uniq_sigmund

Skill      XL: |  1  2  3  4  5  6  7  8 |
---------------+-------------------------+-----
Axes           | 2 3 4 |  4.5
Dodging        | 1 2 3 |  3.0
Armour         | 2 3 4 |  4.2
Invocations    | 3 4 |  4.1
Fighting       | 4 |  4.6
Evocations     | |  0.3

Action                   |  1- 3 |  4- 6 |  7- 9 || total
-------------------------+-------+-------+-------++-------
Melee: Hand axe          |    97 |   190 |   199 ||   486
       Kick              |    16 |    33 |    47 ||    96
Invok: Depart the Abyss  |     1 |       |       ||     1
       Bend Space        |       |       |     1 ||     1
Evoke: Wand              |       |       |     5 ||     5
  Use: Scroll            |     2 |     7 |     5 ||    14
       Potion            |       |     6 |     3 ||     9
 Stab: Paralysed         |       |       |    14 ||    14
  Eat: Chunk             |       |     8 |     5 ||    13
       Ration            |       |       |     1 ||     1
Armor: Plate armour      |    74 |   175 |   139 ||   388
Dodge: Dodged            |    14 |    32 |    35 ||    81

Table legend:
 A = Non-vault XP
 B = Vault XP
 C = Vault XP percentage of total XP
 D = Non-vault monster count
 E = Vault monster count
 F = Vault count percentage of total count
                 A         B        C        D         E       F
            +---------+---------+-------+---------+---------+-------
      Total |    1204 |     439 |  26.7 |     125 |       7 |   5.3
            +---------+---------+-------+---------+---------+-------
        D:1 |      76 |       0 |   0.0 |      33 |       0 |   0.0
        D:2 |     163 |       0 |   0.0 |      28 |       0 |   0.0
        D:3 |     128 |     300 |  70.1 |      26 |       5 |  16.1
        D:4 |     423 |     139 |  24.7 |      19 |       2 |   9.5
        D:5 |     414 |       0 |   0.0 |      19 |       0 |   0.0
            +---------+---------+-------+---------+---------+-------
